 Dungeon Crawl Stone Soup version 0.24-a0-512-g2b48af375b (webtiles) character file.

Game seed: 4853963931391245022

896 Gynju the Spear-Bearer (level 8, 64/64 HPs)
             Began as a Hill Orc Fighter on July 20, 2019.
             Was an Initiate of Ashenzari.
             Quit the game on level 5 of the Dungeon.
             The game lasted 00:05:35 (4617 turns).

Gynju the Spear-Bearer (Hill Orc Fighter)           Turns: 4617, Time: 00:05:35

Health: 64/64      AC: 13    Str: 21    XL:     8   Next: 7%
Magic:  8/8        EV:  3    Int:  6    God:    Ashenzari [......]
Gold:   327        SH:  9    Dex: 10    Spells: 7/7 levels left

rFire    . . .     SeeInvis .   b - +1 rapier of Rodauwn {flame, +Rage rPois Int-2 Stlth+} (curse)
rCold    . . .     Gourm    .   c - +0 shield
rNeg     . . .     Faith    .   u - +0 plate armour
rPois    +         Spirit   .   q - +1 helmet
rElec    .         Reflect  .   (no cloak)
rCorr    +         Harm     .   (no gloves)
MR       .....                  (no boots)
Stlth    ..........             (no amulet)
HPRegen  0.20/turn              s - ring of resist corrosion
MPRegen  0.11/turn              (no ring)

@: no status effects
A: no striking features
a: Curse Item, Renounce Religion, Evoke Berserk Rage


You were on level 5 of the Dungeon.
You worshipped Ashenzari.
Ashenzari was noncommittal.
You were not hungry.

You visited 2 branches of the dungeon, and saw 6 of its levels.

You collected 327 gold pieces.

Inventory:

Hand Weapons
 a - a +1 trident
 b - the cursed +1 rapier of Rodauwn (weapon) {flame, +Rage rPois Int-2 Stlth+}
   (You found it on level 2 of the Dungeon)

   It has been specially enchanted to burn those struck by it, causing extra
   injury to most foes and up to half again as much damage against particularly
   susceptible opponents.
   It affects your intelligence (-2).
   It protects you from poison.
   It lets you go berserk.
   It makes you more stealthy.
   It has a curse placed upon it.
 l - a +0 glaive of venom
Armour
 c - a +0 shield (worn)
 q - a +1 helmet (worn)
 u - a +0 plate armour (worn)
Jewellery
 s - a ring of resist corrosion (left hand)
Wands
 t - a wand of flame (9)
Scrolls
 e - 5 scrolls of identify
 h - a scroll of enchant weapon
 i - a scroll of magic mapping
 p - a scroll of teleportation
Potions
 d - 4 potions of might
 g - a potion of ambrosia {unknown}
 j - 3 potions of flight
 k - a potion of haste {unknown}
 m - 3 potions of heal wounds {unknown}
 n - a potion of agility {unknown}
 o - a potion of berserk rage {unknown}
 r - a potion of cancellation {unknown}
 w - 5 potions of curing {unknown}
Comestibles
 f - 14 rations


   Skills:
 - Level 3.6 Fighting
 + Level 10.0 Polearms
 - Level 3.2 Armour
 - Level 3.2 Shields


You had 7 spell levels left.
You didn't know any spells.
Your spell library was empty.

Dungeon Overview and Level Annotations

Branches:
Dungeon (5/15)             Temple (1/1) D:5

Altars:
Ashenzari
Cheibriados
Dithmenos
Elyvilon
Fedhas
Gozag
Kikubaaqudgha
Makhleb
Nemelex Xobeh
Okawaru
Qazlal
Ru
Sif Muna
Uskayaw
Wu Jian
Yredelemnul
Zin
The Shining One

Shops:
D:4 (


Message History

Done exploring.
Done exploring.
Done exploring.
Done exploring.
Done exploring.
Saving game... please wait.
Welcome back, Gynju the Hill Orc Fighter.
Ashenzari says: Partake of my vision.
Partake of my curse.
Press ? for a list of commands and other information.
Okay, then.
Quiver which item? (- for none, * to show all) (? for menu, Esc to quit)
Okay, then.
Unknown command.
Save game and exit?
Okay, then.
Wear which item? (? for menu, Esc to quit)
Okay, then.
Quiver which item? (- for none, * to show all) (? for menu, Esc to quit)
Okay, then.
Are you sure you want to abandon this character and quit the game? (Confirm with "yes".)

......#####..........# ...##...#
##.....##.## ...###.##
##.##...#.### ######
....##.####...##......# ##....##
##................#..## #[.....##
##....#...##....###.######......#
.....#####.....####....##.......#
##....#####.#....##.....#....####
####...##...###.@#....####....#.#
.####...#.### ##.(...............
..##......# #...........#.....
......#...# ##........####....#
.....###..## #....(...## ##..#)
##...##....#####.......# #..#.
..#...................[## ##...
..#.#.......#...........#####..#.
....##...#..#.............##.....


There were no monsters in sight!

Vanquished Creatures
  3 ogres
  A centaur (D:5)
  A scorpion (D:5)
  A howler monkey (D:5)
  An orc priest (D:5)
  A hound (D:4)
  A bullfrog skeleton (D:5)
  A centaur skeleton (D:5)
  5 orc wizards
  2 worker ants
  A killer bee zombie (D:5)
  A worker ant zombie (D:5)
  3 gnolls (D:2)
  2 adders
  2 oozes (D:1)
  2 worms
  3 dart slugs
  3 leopard geckos
  15 orcs
  2 giant cockroaches
  5 goblins
  5 hobgoblins
  2 jackals (D:3)
  A quokka (D:3)
  6 bats
  4 frilled lizards
  A jackal skeleton (D:2)
  5 kobolds
  9 rats
89 creatures vanquished.

Notes
Turn   | Place    | Note
-------+----------+-------------------------------------------
     0 | D:1      | Gynju the Hill Orc Fighter began the quest for the Orb.
     0 | D:1      | Reached XP level 1. HP: 19/19 MP: 1/1
   240 | D:1      | Reached skill level 3 in Polearms
   240 | D:1      | Reached XP level 2. HP: 23/26 MP: 2/2
   764 | D:1      | Reached XP level 3. HP: 27/31 MP: 3/3
   896 | D:2      | You fall into a shaft and drop 1 floor!
   973 | D:3      | Noticed an ogre
   982 | D:3      | Killed an ogre
   982 | D:3      | Reached skill level 5 in Polearms
   982 | D:3      | Reached XP level 4. HP: 28/39 MP: 4/4
  1142 | D:3      | Reached XP level 5. HP: 44/45 MP: 5/5
  1586 | D:2      | Reached skill level 6 in Polearms
  1607 | D:2      | Got a scorched rapier
  1608 | D:2      | Identified the cursed +1 rapier of Rodauwn {flame, +Rage
                  | rPois Int-2 Stlth+} (You found it on level 2 of the
                  | Dungeon)
  1847 | D:2      | Found an iron altar of Okawaru.
  1848 | D:2      | Found a sparkling altar of Nemelex Xobeh.
  2267 | D:4      | Noticed an ogre
  2272 | D:4      | Killed an ogre
  2272 | D:4      | Reached skill level 7 in Polearms
  2272 | D:4      | Reached XP level 6. HP: 47/51 MP: 6/6
  2442 | D:4      | Found Huhuth's Weapon Emporium.
  3187 | D:5      | Entered Level 5 of the Dungeon
  3196 | D:5      | Reached skill level 8 in Polearms
  3196 | D:5      | Reached XP level 7. HP: 42/57 MP: 7/7
  3351 | D:5      | Found a staircase to the Ecumenical Temple.
  3431 | Temple   | Entered the Ecumenical Temple
  3564 | Temple   | Became a worshipper of Ashenzari the Shackled
  3707 | D:5      | Reached skill level 9 in Polearms
  4118 | D:5      | Identified the +9 long sword "Ysufregesch" {freeze, -Tele
                  | Int+4 Dex+2}
  4286 | D:5      | Reached XP level 8. HP: 51/64 MP: 8/8
  4379 | D:5      | Reached skill level 10 in Polearms
  4617 | D:5      | Quit the game

Levels and vault maps discovered:
D:1:      eino_arrival_cavern_a, layout_basic
D:2:      layout_rooms, gammafunk_temple_overflow_statue, dk_noncrumbling_4
D:3:      layout_basic, minmay_circle_x
D:4:      layout_loops_corners, serial_shops, nicolae_shop_stone
D:5:      layout_cave_pools, minmay_temple_entry_gardened_gates, first_ration,
          minmay_misc_feat_rows, skrybe_limestone_x
Temple:   regret_index_temple_sphere_string

Skill      XL: |  1  2  3  4  5  6  7  8 |
---------------+-------------------------+-----
Polearms       | 3 5 7 8 9 10 | 10.0
Fighting       | |  3.6
Armour         | |  3.2
Shields        | |  3.2

Action                   |  1- 3 |  4- 6 |  7- 9 || total
-------------------------+-------+-------+-------++-------
Melee: Trident           |    63 |   109 |       ||   172
       Rapier            |       |    98 |   136 ||   234
  Use: Scroll            |       |     8 |       ||     8
  Eat: Chunk             |       |     7 |     5 ||    12
Armor: Scale mail        |    16 |    24 |       ||    40
       Plate armour      |       |   113 |    84 ||   197
Dodge: Dodged            |    18 |    35 |    10 ||    63
Block: Shield            |    27 |   112 |    50 ||   189

Table legend:
 A = Non-vault XP
 B = Vault XP
 C = Vault XP percentage of total XP
 D = Non-vault monster count
 E = Vault monster count
 F = Vault count percentage of total count
                 A         B        C        D         E       F
            +---------+---------+-------+---------+---------+-------
      Total |    1274 |       7 |   0.5 |      86 |       3 |   3.4
            +---------+---------+-------+---------+---------+-------
        D:1 |      35 |       0 |   0.0 |      14 |       0 |   0.0
        D:2 |      68 |       0 |   0.0 |      15 |       0 |   0.0
        D:3 |     184 |       7 |   3.7 |      28 |       3 |   9.7
        D:4 |     285 |       0 |   0.0 |      10 |       0 |   0.0
        D:5 |     702 |       0 |   0.0 |      19 |       0 |   0.0
            +---------+---------+-------+---------+---------+-------
